 Dungeon Crawl Stone Soup version 0.19.3-1-g3169bf9 (webtiles) character file.

122 volk64 the Gusty (level 5, -7/28 HPs)
             Began as a Tengu Air Elementalist on Jan 24, 2017.
             Mangled by a gnoll
             ... wielding a +0 halberd
              (12 damage)
             ... on level 2 of the Dungeon.
             The game lasted 00:12:45 (1873 turns).

volk64 the Gusty (Tengu Air Elementalist)           Turns: 1873, Time: 00:12:45

Health: -7/28      AC:  2    Str:  8    XL:     5   Next: 6%
Magic:  6/10       EV: 13    Int: 17    God:
Gold:   72         SH:  0    Dex: 14    Spells: 4 memorised, 1 level left

rFire  . . .     SeeInvis .     f - +1 dagger (distort)
rCold  . . .     Gourm    .     a - +0 robe
rNeg   . . .     Faith    .     (no shield)
rPois  .         Spirit   .     (helmet restricted)
rElec  .         Reflect  .     (no cloak)
rCorr  .         Harm     .     (no gloves)
MR     .....                    (boots unavailable)
Stlth  ++........               (no amulet)
                                (no ring)
                                (no ring)

@: very slightly contaminated, hasted, repel missiles, very quick
A: beak, talons 3, able to fly 1
a: Fly


You were on level 2 of the Dungeon.
You were not hungry.

You visited 1 branch of the dungeon, and saw 2 of its levels.

You collected 72 gold pieces.

Inventory:

Hand Weapons
 e - a +0 hunting sling of flaming
 f - a +1 dagger of distortion (weapon)
 h - a +0 short sword
Missiles
 j - 21 stones (quivered)
Armour
 a - a +0 robe (worn)
Jewellery
 k - an uncursed amulet of guardian spirit {unknown}
Wands
 p - a wand of random effects (11/48)
Scrolls
 g - a scroll of noise {unknown}
 i - a scroll of identify
 m - a scroll of fog {unknown}
 r - a scroll of fear {unknown}
Potions
 d - a potion of cancellation
 q - a potion of degeneration {unknown}
 s - a potion of resistance {unknown}
Books
 b - a book of Air

   Spells                             Type                      Level
   a - Shock                          Conjuration/Air              1
   b - Swiftness                      Charms/Air                   2
   c - Repel Missiles                 Charms/Air                   2
   d - Static Discharge               Conjuration/Air              3
   e - Lightning Bolt                 Conjuration/Air              5
Comestibles
 c - a bread ration
 l - a meat ration
 o - 3 chunks of flesh


   Skills:
 + Level 0.9 Short Blades
 + Level 2.4 Dodging
 + Level 2.4 Stealth
 + Level 0.2 Unarmed Combat
 + Level 2.9 Spellcasting
 + Level 3.0 Conjurations
 + Level 0.1 Charms
 + Level 5.2 Air Magic


You had one spell level left.
You knew the following spells:

 Your Spells              Type           Power        Failure   Level  Hunger
a - Shock                 Conj/Air       ###.         3%          1    None
b - Repel Missiles        Chrm/Air       ##....       12%         2    ##.....
c - Swiftness             Chrm/Air       ##......     12%         2    ##.....
d - Static Discharge      Conj/Air       ###.....     12%         3    ###....


Dungeon Overview and Level Annotations

Branches:
Dungeon (2/15)

Altars:

Annotations:
D:2 1 runed door


Innate Abilities, Weirdness & Mutations

You have a beak for a mouth.
You have claws for feet.
You can fly.


Message History

Press: ? - help, Shift-Dir - straight line The zap hits the gnoll.
You kill the gnoll!
Your Conjurations skill increases to level 3!
You have reached level 5!
You have gained the ability to fly.
It was a potion of haste.
You feel yourself speed up. The gnoll barely misses you.
You are very lightly contaminated with residual magic.
You are too injured to fight recklessly!
You are too injured to fight recklessly!
Casting: Shock
Confirm with . or Enter, or press ? or * to list all spells.
Aiming: Shock
Press: ? - help, Shift-Dir - straight line, f - gnoll
Aim: a gnoll, wielding a halberd (moderately wounded)
The zap hits the gnoll.
The gnoll is heavily wounded.
The gnoll hits you from afar with a halberd!
You die...

................#.#
#####.##
.#..............#.#
#.......
.#####..........#.#
#.###.## .#
#.####.##..#.# #.#
#.#
.#####.####.##..#.#
#.# #.#
.†..........##..#.#
#.# #.#
######.#######.g..#
#.###.# # #.#
##.######## #.##..#
#
#.########.@.......
#.##.## #
#...........#######
#.##.# #
#########...##
#.##.# # #)###%#
#.##.# # #[# ##.#
#.##.### #. ...
#....... # .#.#
###.#.#. ##.#
##..... .# #.#
#.#.#.#


You could see a gnoll.

Vanquished Creatures
  Ijyb (D:2)
  2 gnolls (D:2)
  2 adders (D:2)
  A worm (D:2)
  5 dart slugs
  5 giant cockroaches
  2 goblins (D:1)
  4 hobgoblins
  A ball python (D:1)
  5 bats
  2 frilled lizards
  8 kobolds
  5 rats
43 creatures vanquished.

Vanquished Creatures (others)
  An adder (D:2)
  A quokka (D:2)
2 creatures vanquished.

Grand Total: 45 creatures vanquished

Notes
Turn   | Place    | Note
-------+----------+-------------------------------------------
     0 | D:1      | volk64 the Tengu Air Elementalist began the quest for the Orb.
     0 | D:1      | Reached XP level 1. HP: 10/10 MP: 4/4
   164 | D:1      | Reached XP level 2. HP: 15/15 MP: 1/6
   215 | D:1      | Learned a level 2 spell: Repel Missiles
   218 | D:1      | Learned a level 2 spell: Swiftness
   833 | D:1      | Reached XP level 3. HP: 19/19 MP: 4/7
   955 | D:1      | You fall through a shaft!
  1530 | D:2      | Noticed Ijyb
  1542 | D:2      | Killed Ijyb
  1542 | D:2      | Reached skill level 5 in Air Magic
  1542 | D:2      | Reached XP level 4. HP: 24/24 MP: 7/9
  1625 | D:2      | Learned a level 3 spell: Static Discharge
  1705 | D:2      | Found a runed door.
  1871 | D:2      | Gained mutation: You can fly. [Tengu growth]
  1871 | D:2      | Reached XP level 5. HP: 4/28 MP: 7/10
  1873 | D:2      | Mangled by a gnoll

Skill      XL: |  1  2  3  4 |
---------------+-------------+-----
Conjurations   | 2 3 |  3.0
Air Magic      | 5 |  5.2
Short Blades   | |  0.9
Dodging        | |  2.4
Stealth        | |  2.4
Unarmed Combat | |  0.2
Spellcasting   | |  2.9
Charms         | |  0.1

Action                   |  1- 3 |  4- 6 || total
-------------------------+-------+-------++-------
Melee: Unarmed           |     9 |       ||     9
       Kick              |     4 |     4 ||     8
       Peck              |     4 |     1 ||     5
       Short sword       |     2 |       ||     2
       Dagger            |    11 |    13 ||    24
 Cast: Shock             |    59 |    10 ||    69
       Repel Missiles    |     1 |       ||     1
       Swiftness         |       |     1 ||     1
       Static Discharge  |       |     1 ||     1
  Use: Scroll            |     4 |       ||     4
       Potion            |     1 |     1 ||     2
 Stab: Sleeping          |       |     1 ||     1
  Eat: Chunk             |     2 |     2 ||     4
Armor: Robe              |     1 |       ||     1
Dodge: Dodged            |    16 |    12 ||    28
       Deflected         |     1 |       ||     1
